Map: Kairos Junction LE

Players

SommY

  • Race: Terran Terran
  • League: Master
  • Spawn Location: 11:00

lowShame - Winner!

  • Race: Zerg Zerg
  • League: Master
  • Spawn Location: 5:00

VOD

Have the link to the VOD?

Description

Time

  • Played on: July 8, 2019, 5:02 a.m.
  • Length: 13:46
Show
View Real Time Build Order
Export as new Build Order

SommY Terran 

Build Orders: Reaper Expand 

Get SALT Encoding   

  12  0:00  SCV  
  13  0:12  SCV  
  14  0:16  Supply Depot  
  14  0:24  SCV  
  15  0:38  SCV  
  15  0:40  Barracks  
  16  0:43  Refinery  
  16  0:50  SCV  
  17  1:02  SCV  
  18  1:14  SCV  
  19  1:27  Orbital Command, Reaper  
  20  1:43  Command Center  
  20  1:53  SCV  
  21  1:57  Supply Depot  
  21  2:02  Marine  
  21  2:05  SCV  
  23  2:18  Factory, SCV  
  23  2:20  Marine  
  25  2:25  Refinery  
  25  2:30  SCV  
  26  2:40  Barracks  
  26  2:42  SCV  
  27  2:45  Barracks Reactor  
  27  2:54  SCV  
  27  2:55  Orbital Command  
  28  3:07  SCV  
  29  3:19  SCV  
  30  3:20  SCV  
  31  3:27  Barracks Tech Lab  
  31  3:28  Barracks Reactor  
  31  3:29  Hellion x2  
  31  3:31  SCV  
  31  3:32  SCV  
  31  3:34  Supply Depot  
  37  3:43  SCV  
  37  3:44  SCV  
  37  3:46  Marine, Command Center  
  37  3:47  Stimpack  
  40  3:51  Hellion  
  40  3:55  Hellion  
  44  3:56  SCV  
  44  3:59  SCV  
  44  4:01  Supply Depot  
  46  4:05  Marine  
  46  4:06  Marine  
  46  4:08  Marine  
  46  4:09  SCV  
  50  4:11  SCV  
  51  4:21  SCV  
  51  4:23  Marine, Starport, SCV  
  54  4:25  Supply Depot  
  54  4:26  Supply Depot  
  54  4:33  SCV  
  54  4:38  Supply Depot, SCV  
  55  4:40  Marine x2  
  55  4:45  Marine, SCV  
  59  4:46  Factory Tech Lab  
  59  4:49  Engineering Bay  
  59  4:50  SCV  
  59  4:51  Engineering Bay  
  61  4:57  Marine x2, SCV  
  64  5:03  Medivac x2, SCV  
  64  5:04  Orbital Command  
  69  5:07  Marine  
  69  5:09  SCV  
  69  5:12  Refinery  
  71  5:15  Refinery, SCV  
  71  5:17  Terran Infantry Weapons Level 1  
  71  5:18  Terran Infantry Armor Level 1  
  71  5:20  Marine  
  73  5:21  SCV  
  73  5:23  Marine  
  73  5:27  SCV  
  76  5:29  Marine  
  76  5:33  SCV  
  78  5:38  Marine  
  78  5:41  SCV  
  78  5:42  Marine  
  78  5:45  Orbital Command  
  78  5:48  Marine  
  80  5:52  SCV  
  80  5:55  Marine  
  82  6:00  Marine, Combat Shield  
  82  6:01  Siege Tank  
  82  6:02  Barracks x2, SCV  
  82  6:03  Barracks  
  87  6:04  Factory  
  87  6:06  Marine, Medivac  
  90  6:14  Marine  
  91  6:19  Marine, SCV  
  91  6:24  Marine  
  80  6:33  Marine  
  80  6:34  Siege Tank, SCV  
  85  6:41  Supply Depot x2, Armory, SCV x2  
  85  6:46  SCV  
  85  6:47  Marine  
  88  6:53  Barracks Reactor x3, SCV  
  91  6:54  Factory Tech Lab, SCV  
  91  6:56  Marine  
  91  6:58  SCV  
  93  7:01  Marine  
  93  7:05  SCV  
  93  7:06  SCV  
  95  7:10  SCV  
  93  7:17  Marine x2  
  93  7:21  Marine, SCV x2  
  89  7:26  Refinery x2  
  89  7:29  Terran Infantry Weapons Level 2  
  89  7:30  Terran Infantry Armor Level 2  
  89  7:31  SCV  
  89  7:35  Marine  
  89  7:36  Marine, SCV  
  93  7:39  Marine  
  93  7:42  Supply Depot x2  
  93  7:43  SCV, Terran Vehicle Weapons Level 1  
  95  7:45  Marine x2  
  95  7:46  Medivac  
  95  7:47  SCV  
  95  7:49  Marine, SCV  
  102  7:56  Marine  
  102  7:57  SCV  
  102  7:58  Medivac  
  106  7:59  Siege Tank  
  106  8:00  Marine, SCV  
  106  8:03  Marine  
  106  8:04  Marine, Marauder  
  115  8:16  Marine x2, Command Center  
  117  8:22  Barracks x2  
  117  8:23  Marine x2, Medivac  
  117  8:26  Marauder  
  123  8:27  Missile Turret  
  123  8:28  Missile Turret  
  123  8:29  Missile Turret  
  123  8:31  Missile Turret  
  119  8:37  Marine x2  
  119  8:38  Siege Tank  
  119  8:39  Siege Tank  
  126  8:44  Marine x6  
  132  8:51  Marauder, Medivac  
  132  8:53  Supply Depot  
  132  8:54  Supply Depot  
  132  8:55  Marine x2  
  137  9:02  Marine x2  
  140  9:07  Missile Turret  
  140  9:08  Missile Turret  
  140  9:14  Thor  
  140  9:15  Marauder, Missile Turret  
  140  9:16  Thor, Missile Turret  
  154  9:18  Marine  
  154  9:19  Marine  
  154  9:21  Marine  
  157  9:24  Barracks Reactor, Barracks Tech Lab  
  157  9:27  Marine  
  158  9:36  Marine  
  158  9:37  Marine  
  160  9:38  Missile Turret  
  160  9:39  Missile Turret x2  
  160  9:48  Marine x2  
  162  9:57  Marine  
  163  10:03  Marine x2  
  163  10:04  Marine x2  
  163  10:06  Marine x2  
  169  10:07  Marine  
  169  10:08  Thor  
  170  10:15  SCV  
  170  10:16  SCV  
  172  10:22  Terran Vehicle Weapons Level 2  
  172  10:23  Terran Infantry Weapons Level 3  
  172  10:24  Terran Infantry Armor Level 3  
  172  10:30  SCV  
  172  10:31  Marine x3, Thor  
  172  10:33  Supply Depot  
  159  10:46  Marine x2  
  130  10:54  Marine x4  
  130  10:55  Marauder x2  
  107  10:58  SCV  
  107  11:02  Marine  
  107  11:03  Marine, SCV x2  
  103  11:10  Marine, Siege Tank  
  103  11:11  Marine  
  108  11:14  SCV  
  110  11:18  Marine  
  110  11:21  Planetary Fortress  
  110  11:25  Marine  
  111  11:26  SCV  
  111  11:27  SCV  
  111  11:30  SCV  
  114  11:37  Marine x3  
  114  11:38  Marine  
  114  11:39  Marine x2  
  115  11:42  SCV  
  115  11:45  SCV  
  115  11:46  SCV  
  111  11:48  Marine x2  
  111  11:50  Marine  
  111  11:53  Sensor Tower  
  112  11:55  SCV  
  112  11:57  SCV  
  112  11:59  Marine x4  
  112  12:00  SCV  
  119  12:05  Refinery  
  119  12:06  Marine x2, Refinery  
  119  12:07  SCV  
  122  12:09  SCV  
  122  12:12  Marauder  
  122  12:13  Marine, SCV  
  127  12:16  Marine  
  127  12:17  Marauder  
  127  12:20  Refinery  
  127  12:22  SCV x2  
  131  12:32  Marine x2  
  131  12:35  Marine  
  131  12:36  Sensor Tower  
  134  12:38  Siege Tank  
  134  12:39  Medivac, Siege Tank  
  134  12:40  Marine x3, Medivac  
  147  12:46  Marine x2, Marauder  
  147  12:47  SCV  
  147  12:48  SCV  
  147  12:49  SCV  
  154  12:53  Marine x2  
  155  13:02  Starport  
  155  13:04  Starport  
  151  13:07  Marine x3  
  151  13:08  Marauder x2  
  151  13:10  Marine  
  151  13:11  Sensor Tower  
  165  13:14  Marine  
  166  13:20  Supply Depot  
  166  13:21  Marine  
Show
View Real Time Build Order
Export as new Build Order

lowShame Zerg - Winner!

Build Orders: Hatch First, Muta Ling Bane 

Get SALT Encoding   

  12  0:01  Drone  
  13  0:12  Overlord  
  13  0:17  Drone  
  14  0:31  Drone x2  
  14  0:34  Drone  
  17  0:52  Hatchery  
  17  0:54  Drone  
  17  0:57  Drone  
  18  1:08  Extractor  
  17  1:13  Spawning Pool  
  17  1:15  Drone  
  17  1:18  Drone  
  18  1:28  Drone  
  19  1:39  Overlord  
  19  1:54  Drone  
  19  2:00  Queen  
  22  2:04  Queen  
  22  2:05  Zergling x4  
  26  2:17  Hatchery  
  26  2:19  Drone  
  27  2:22  Drone  
  27  2:25  Drone  
  28  2:31  Drone  
  28  2:35  Drone  
  30  2:40  Overlord  
  30  2:46  Queen  
  32  2:51  Metabolic Boost  
  32  2:53  Drone  
  32  2:57  Drone x2  
  35  3:02  Drone  
  36  3:05  Drone  
  37  3:16  Drone x6  
  43  3:20  Overlord  
  43  3:26  Overlord  
  43  3:28  Drone  
  43  3:33  Queen  
  46  3:38  Overlord  
  46  3:39  Drone x2  
  48  3:46  Baneling Nest  
  48  3:47  Drone x3  
  50  3:56  Queen  
  50  3:58  Drone x4  
  50  3:59  Drone  
  50  4:01  Drone  
  58  4:03  Drone  
  58  4:06  Zergling x4  
  58  4:07  Zergling x2  
  62  4:12  Queen  
  62  4:16  Overlord  
  64  4:18  Zergling x2  
  64  4:19  Zergling x4  
  66  4:37  Overlord x2  
  66  4:40  Evolution Chamber x2  
  66  4:45  Overlord x2  
  64  4:46  Drone x10  
  74  4:54  Queen  
  76  5:09  Baneling x2, Zerg Ground Armor Level 1  
  76  5:13  Overlord x2  
  76  5:14  Hatchery  
  75  5:17  Extractor, Queen  
  75  5:18  Extractor x2  
  75  5:20  Drone x8  
  83  5:35  Drone x6  
  83  5:36  Drone x2  
  87  5:44  Drone x2  
  87  5:46  Queen  
  87  5:48  Lair  
  91  5:55  Extractor, Zergling x12  
  91  5:56  Zerg Melee Weapons Level 1  
  96  5:59  Zergling x8  
  100  6:06  Zergling x2  
  101  6:14  Zergling x4  
  101  6:16  Baneling x8  
  104  6:18  Zergling x2  
  104  6:19  Queen  
  104  6:21  Queen  
  107  6:27  Zergling x20  
  113  6:38  Queen  
  115  6:48  Extractor  
  114  6:55  Queen  
  114  6:58  Zergling x6  
  114  6:59  Centrifical Hooks, Hatchery  
  114  7:01  Overlord x5  
  118  7:02  Spire  
  105  7:23  Infestation Pit  
  105  7:24  Drone x13  
  105  7:25  Zergling x10  
  105  7:26  Zerg Ground Armor Level 2  
  122  7:31  Zergling x6  
  125  7:38  Overseer  
  125  7:48  Zergling x14  
  132  7:53  Drone x11  
  143  7:58  Baneling x4  
  143  7:59  Baneling x7  
  143  8:00  Pneumatized Carapace  
  143  8:06  Burrow  
  141  8:13  Zergling x18  
  149  8:23  Zerg Flyer Weapons Level 1  
  149  8:26  Mutalisk x5  
  159  8:38  Zergling x14  
  159  8:39  Extractor  
  164  8:41  Extractor  
  164  8:47  Hive  
  163  8:52  Zergling x4  
  163  8:53  Overseer  
  165  9:03  Overlord x4  
  165  9:04  Overlord, Hatchery  
  162  9:12  Pathogen Glands  
  162  9:19  Zergling x8  
  166  9:42  Zergling x32  
  166  9:43  Zergling x30  
  197  9:46  Baneling x17  
  197  9:49  Zergling x6, Hatchery  
  175  10:08  Zergling x22, Neural Parasite  
  175  10:09  Zergling x10  
  186  10:23  Zergling x26  
  189  10:31  Zergling x8  
  189  10:32  Zergling x14  
  195  10:36  Zergling x8  
  195  10:42  Zergling x2  
  184  10:44  Zergling x8  
  184  10:48  Zergling x6  
  167  10:53  Corruptor  
  167  10:56  Zerg Melee Weapons Level 2  
  145  10:57  Adrenal Glands  
  145  10:58  Zerg Flyer Weapons Level 2  
  145  11:00  Ultralisk Cavern  
  139  11:09  Zergling x22  
  148  11:24  Ultralisk Cavern  
  144  11:44  Zergling x40  
  144  11:46  Baneling x7  
  144  11:47  Baneling x3  
  159  11:49  Chitinous Plating  
  159  11:52  Infestor x6  
  166  12:08  Ultralisk x3  
  184  12:26  Hatchery  
  179  12:33  Ultralisk x3, Zergling x2  
  179  12:34  Zergling x6  
  179  12:35  Baneling  
  179  12:36  Baneling x8  
  195  12:39  Baneling x8  
  195  12:41  Drone  
  196  12:51  Corruptor  
  196  12:57  Extractor  
  196  12:58  Spore Crawler  
  196  13:04  Zergling x10  
  199  13:06  Baneling x10  
  199  13:26  Baneling  
  199  13:27  Baneling x3  
Tags
 
Add a new tag
Caveats
  • Supply blocks, unpowered buildings, or Contaminate may cause inaccurate times.
  • Supply counts are checked every 10 seconds.